 Dungeon Crawl Stone Soup version 0.22-a0-322-g60b3cfd (webtiles) character file.

9781 Amnesiac the Destroyer (level 11, -12/54 HPs)
             Began as a Tengu Air Elementalist on Apr 2, 2018.
             Was a High Priest of Sif Muna.
             Killed from afar by a tengu reaver (26 damage)
             ... with a bolt of magma
             ... on level 12 of the Dungeon.
             The game lasted 00:29:27 (12145 turns).

Amnesiac the Destroyer (Tengu Air Elementalist)    Turns: 12145, Time: 00:29:27

Health: -12/54     AC: 11    Str:  8    XL:     11   Next: 51%
Magic:  25/27      EV: 14    Int: 20    God:    Sif Muna [*****.]
Gold:   542        SH:  5    Dex: 14    Spells: 13/29 levels left

rFire    . . .     SeeInvis .   a - staff of energy
rCold    . . .     Gourm    .   w - +0 buckler
rNeg     . . .     Faith    .   q - +0 troll leather armour
rPois    +         Spirit   .   (helmet restricted)
rElec    .         Reflect  .   (no cloak)
rCorr    .         Harm     .   (no gloves)
MR       .....     Clarity  +   (boots unavailable)
Stlth    +++.......             g - amulet of magic regeneration
HPRegen  0.58/turn              m - +3 ring of protection
MPRegen  0.45/turn              n - ring of stealth

@: about to teleport, flying quickly and evasively, divine energy, quick
A: beak, talons 3, icy blue scales 1, iridescent scales 1, clarity, high mp 1,
poison resistance, able to fly 1
a: Stop Divine Energy, Channel Magic, Forget Spell, Renounce Religion


You were on level 12 of the Dungeon.
You worshipped Sif Muna.
Sif Muna was extremely pleased with you.
You were not hungry.

You visited 1 branch of the dungeon, and saw 13 of its levels.
You also visited: Sewer.

You collected 542 gold pieces.

Inventory:

Hand Weapons
 b - a +1 short sword of draining
Armour
 q - a +0 troll leather armour (worn)
 w - a +0 buckler (worn)
 z - a +0 shield
Magical Staves
 a - an uncursed staff of energy (weapon)
Jewellery
 g - an amulet of magic regeneration (around neck)
 m - a +3 ring of protection (left hand)
 n - a ring of stealth (right hand)
Wands
 f - a wand of digging (3)
 s - a wand of disintegration (17)
 B - a wand of paralysis (23)
 G - a wand of clouds (4)
 H - a wand of acid (6)
Scrolls
 i - 3 scrolls of fear {!r, unknown}
 j - 5 scrolls of teleportation {!r}
 o - 2 scrolls of magic mapping {!r}
 p - 2 scrolls of enchant armour {!r}
 r - 4 scrolls of identify {!r}
 v - 4 scrolls of enchant weapon {!r, unknown}
 x - 5 scrolls of remove curse {!r}
 y - a scroll of vulnerability {!r}
 F - 2 scrolls of random uselessness {!r, unknown}
Potions
 e - 5 potions of flight {!q}
 h - 4 potions of mutation {!q}
 k - a potion of resistance {!q}
 l - 7 potions of curing {!q}
 t - a potion of lignification {!q}
 u - 2 potions of ambrosia {!q}
 A - 2 potions of berserk rage {!q}
 D - a potion of haste {!q}
 E - 2 potions of might {!q}
Comestibles
 c - 24 rations
 d - 5 chunks of flesh


   Skills:
 - Level 2.1 Dodging
 - Level 2.0 Stealth
 - Level 4.1 Shields
 - Level 9.5 Spellcasting
 + Level 11.4 Conjurations
 - Level 9.5 Air Magic
 - Level 8.0 Invocations


You had 13 spell levels left.
You knew the following spells:

 Your Spells              Type           Power        Failure   Level  Hunger
a - Airstrike             Air            #####.....   1%          4    None
b - Shock                 Conj/Air       ####         1%          1    None
d - Lightning Bolt        Conj/Air       ######....   4%          5    None
s - Summon Lightning Spi  Summ/Air       ####....     16%         4    None
Z - Swiftness             Chrm/Air       ####....     2%          2    None


Dungeon Overview and Level Annotations

Branches:
Dungeon (13/15)            Temple (0/1) D:6            Lair (0/6) D:8
    Orc (0/2) D:9
 Vaults: D:13-14

Altars:
Dithmenos
Fedhas
Makhleb
Okawaru
Qazlal
Sif Muna
Trog

Annotations:
D:8 Gastronok
D:12 Snorg


Innate Abilities, Weirdness & Mutations

You have a beak for a mouth.
You have claws for feet.
You can fly.
You are partially covered in icy blue scales. (AC +2)
You are partially covered in iridescent scales. (AC +2)
You possess an exceptional clarity of mind.
You have an increased reservoir of magic. (+10% MP)
Your system is resistant to poisons. (rPois)


Message History

Snorg is too close now for your liking.
Snorg is nearby!
You swoop lightly up into the air.
You feel very comfortable in the air.
You feel somewhat more hungry.
Snorg shouts!
Casting: Airstrike (safe; 1% risk of failure)
Confirm with . or Enter, or press ? or * to list all spells.
Okay, then.
You reach down and open the door.
There is an open door here.
Casting: Airstrike (safe; 1% risk of failure)
Confirm with . or Enter, or press ? or * to list all spells.
You can't see any susceptible monsters within range! (Use Z to cast anyway.)
Casting: Airstrike (safe; 1% risk of failure)
Confirm with . or Enter, or press ? or * to list all spells.
Aiming: Lightning Bolt (safe; 4% risk of failure)
Press: ? - help, Shift-Dir - straight line
Okay, then.
Casting: Lightning Bolt (safe; 4% risk of failure)
Confirm with . or Enter, or press ? or * to list all spells.
Aiming: Airstrike (safe; 1% risk of failure)
Press: ? - help, Dir - move target cursor, f - Snorg
Aim: Snorg (hasn't noticed you)
The air twists around and strikes Snorg!
Snorg shouts!
Snorg is lightly wounded.
Found a scroll of remove curse and 10 gold pieces.
A wight comes into view. It is wielding an enchanted falchion.
A wight comes into view. It is wielding an enchanted dagger.
Found 14 bolts.
Found a granite statue.
Casting: Airstrike (safe; 1% risk of failure)
Confirm with . or Enter, or press ? or * to list all spells.
Aiming: Lightning Bolt (safe; 4% risk of failure)
Press: ? - help, Shift-Dir - straight line, f/p - Snorg
Aim: Snorg (lightly wounded)
You hear a mighty clap of thunder!
The bolt of lightning hits the wight.
The wight is almost destroyed.
The bolt of lightning hits Snorg.
Snorg is moderately wounded.
You hear a shout!
You hear an angry hiss. x2
Unknown command.
A wight opens the door.
You see here 14 bolts.
You reach down and open the door.
The wight barely misses you.
A tengu reaver comes into view. It is wielding a war axe.
The tengu reaver hits you with a war axe.
The tengu reaver pecks you but does no damage.
The tengu reaver claws you!
A wight comes into view.
It is wielding a great sword of protection.
There is an open door here.
Really read
j - 6 scrolls of teleportation {!r}?
As you read the scroll of teleportation {!r}, it crumbles to dust.
You feel strangely unstable.
The tengu reaver hits you with a war axe!!
* * * LOW HITPOINT WARNING * * *
The tengu reaver pecks you!
* * * LOW HITPOINT WARNING * * *
The tengu reaver misses you.
A wight comes into view. It is wielding a long sword.
The tengu reaver gestures at you while chanting.
The bolt of magma hits you!
You die...

#.###. ##### #T#...
##...####### #.#.##
#.....#....###.....
#.....#.....##.#+##
#.....#.....##...?.
#..Q##.....##.....
###'###.....##.....
#.@z..T............
#.....(..#####.....
+..8..z..# #.....
#......zz.# #z##..
#.......#.# #.# ##
###+#####'# #.# z
z.# . .# ..


You could see Snorg, a tengu reaver and 4 wights.

Vanquished Creatures
  An orange crystal statue (D:9)
  An oklob plant (D:3)
  A moth of wrath (D:4)
  A centaur skeleton (D:10)
  2 trolls (D:10)
  A meliai (shapeshifter) (D:11)
  Sigmund (D:2)
  3 yaks
  2 wyverns
  Grum (D:9)
  2 humans (D:9)
  A hungry ghost (D:12)
  A soldier ant (D:10)
  A swamp drake (D:9)
  2 black bears
  9 orc warriors
  3 ice beasts
  A phantom (D:11)
  7 ogres
  A necrophage (D:11)
  3 wolves (D:10)
  2 centaurs
  The ghost of sankara the Sneak, an amateur OpIE (D:3)
  A big kobold (D:8)
  9 bullfrogs
  A wyvern zombie (D:8)
  3 scorpions
  3 wights (D:8)
  7 crimson imps
  A quasit (D:10)
  5 hounds
  2 centaur zombies
  2 bullfrog zombies
  7 orc priests
  4 bullfrog skeletons
  3 iguanas
  12 orc wizards
  11 worker ants
  A merfolk avatar (Sewer)
  2 merfolk sirens (Sewer)
  A killer bee zombie (D:7)
  A hound zombie (D:10)
  A worker ant zombie (D:11)
  3 gnolls (D:5)
  15 adders
  3 river rats
  2 shadow imps
  5 oozes
  An adder zombie (D:6)
  An adder skeleton (D:4)
  5 worms
  8 dart slugs
  8 leopard geckos
  51 orcs
  3 ball pythons
  7 giant cockroaches
  7 goblins
  9 hobgoblins
  14 jackals
  8 quokkas
  10 bats
  9 frilled lizards
  10 kobolds
  A leopard gecko zombie (D:5)
  34 rats
339 creatures vanquished.

Vanquished Creatures (collateral kills)
  A yak (D:11)
1 creature vanquished.

Vanquished Creatures (others)
  5 plants (D:8)
5 creatures vanquished.

Grand Total: 345 creatures vanquished

Notes
Turn   | Place    | Note
-------+----------+-------------------------------------------
     0 | D:1      | Amnesiac the Tengu Air Elementalist began the quest for the Orb.
     0 | D:1      | Reached XP level 1. HP: 10/10 MP: 4/4
   313 | D:1      | Reached XP level 2. HP: 14/15 MP: 0/6
   458 | D:1      | Reached skill level 5 in Air Magic
   545 | D:1      | Reached XP level 3. HP: 17/19 MP: 2/7
   549 | D:1      | Learned a level 2 spell: Swiftness
   876 | D:2      | Found a deep blue altar of Sif Muna.
   883 | D:2      | Became a worshipper of Sif Muna the Loreminder
   975 | D:2      | Reached XP level 4. HP: 20/24 MP: 2/9
   981 | D:2      | Learned a level 4 spell: Airstrike
  1026 | D:2      | Gained mutation: Your system is resistant to poisons. (rPois) [potion of mutation]
  1026 | D:2      | Gained mutation: You evolve. [potion of mutation]
  1026 | D:2      | Gained mutation: You are partially covered in iridescent scales. (AC +2) [potion of mutation]
  1026 | D:2      | Gained mutation: You have an increased reservoir of magic. (+10% MP) [potion of mutation]
  1183 | D:2      | Noticed Sigmund
  1280 | D:2      | Found a faded altar of an unknown god.
  1294 | D:2      | Gained mutation: You are partially covered in icy blue scales. (AC +2) [evolution]
  1393 | D:2      | Found a stormy altar of Qazlal.
  1521 | D:2      | Gained mutation: You can fly. [Tengu growth]
  1521 | D:2      | Reached XP level 5. HP: 28/28 MP: 8/11
  1659 | D:2      | Killed Sigmund
  1659 | D:2      | Reached * piety under Sif Muna
  1659 | D:2      | Reached XP level 6. HP: 21/32 MP: 0/13
  1678 | D:2      | Found a shadowy altar of Dithmenos.
  2140 | D:3      | Noticed sankara's ghost (amateur OpIE)
  2142 | D:3      | Killed sankara's ghost
  2313 | D:3      | Reached skill level 2 in Conjurations
  2387 | D:3      | Reached XP level 7. HP: 22/36 MP: 0/15
  2494 | D:3      | Found a glowing drain.
  2503 | D:3      | Reached skill level 3 in Conjurations
  2532 | Sewer    | Entered a sewer
  2805 | Sewer    | Reached skill level 4 in Conjurations
  3236 | Sewer    | Reached ** piety under Sif Muna
  3253 | Sewer    | Reached skill level 5 in Conjurations
  3737 | D:3      | Found a blossoming altar of Fedhas.
  3750 | D:3      | Noticed an oklob plant
  4025 | D:4      | Reached skill level 6 in Conjurations
  4051 | D:4      | Learned a level 5 spell: Lightning Bolt
  4699 | D:4      | Noticed a moth of wrath
  4702 | D:4      | Found a bloodstained altar of Trog.
  4708 | D:4      | Killed a moth of wrath
  4708 | D:4      | Reached *** piety under Sif Muna
  4708 | D:4      | Reached skill level 9 in Conjurations
  4708 | D:4      | Reached XP level 8. HP: 41/41 MP: 0/16
  5175 | D:4      | Gained mutation: You possess an exceptional clarity of mind. [evolution]
  5175 | D:4      | Lost mutation: You evolve. [end of evolution]
  5193 | D:5      | Entered Level 5 of the Dungeon
  5239 | D:5      | Got a jewelled whip
  5240 | D:5      | Identified the cursed +1 whip "Umuh" {slash, +Inv Str-3 Stlth+} (You found it on level 5 of the Dungeon)
  5358 | D:5      | Found a burning altar of Makhleb.
  5377 | D:5      | Reached skill level 5 in Spellcasting
  6027 | D:3      | Killed an oklob plant
  6027 | D:3      | Reached **** piety under Sif Muna
  6027 | D:3      | Reached XP level 9. HP: 45/45 MP: 0/22
  6638 | D:6      | Found a staircase to the Ecumenical Temple.
  7426 | D:7      | Reached ***** piety under Sif Muna
  7603 | D:8      | Found a staircase to the Lair.
  7642 | D:8      | Noticed Gastronok
  7669 | D:8      | Received a gift from Sif Muna
  7676 | D:8      | Learned a level 4 spell: Summon Lightning Spire
  7699 | D:8      | Reached XP level 10. HP: 50/50 MP: 0/26
  7759 | D:8      | Reached skill level 1 in Shields
  8309 | D:9      | Found an iron altar of Okawaru.
  8352 | D:9      | Reached skill level 1 in Invocations
  8972 | D:9      | Found a staircase to the Orcish Mines.
  9064 | D:9      | Noticed an orange crystal statue
 10049 | D:9      | Killed an orange crystal statue
 10088 | D:10     | Entered Level 10 of the Dungeon
 10090 | D:10     | Reached skill level 5 in Invocations
 10145 | D:10     | HP: 1/50 [bullfrog (7)]
 10695 | D:10     | Noticed Grum
 10755 | D:9      | Killed Grum
 10755 | D:9      | Reached XP level 11. HP: 46/54 MP: 0/27
 11594 | D:10     | Reached skill level 10 in Conjurations
 11896 | D:11     | Reached skill level 11 in Conjurations
 11904 | D:11     | You fall through a shaft for 2 floors!
 11947 | D:13     | Noticed a six-headed hydra
 12040 | D:12     | Noticed Snorg
 12143 | D:12     | Noticed a tengu reaver
 12145 | D:12     | Killed from afar by a tengu reaver

Vault maps used:
D:1:      eino_arrival_druids_welcome, kennysheep_small_spiral
D:2:      minmay_diamond_boxcup, lemuel_coloured_pillars_altar,
          lemuel_crystal_altar, lemuel_doored_altar,
          chequers_ecumenical_altar_simple, uniq_sigmund
D:3:      tgw_fedhas, serial_curves, eino_curves_02, eino_curves_03,
          portal_sewer_entry_c
D:4:      kennysheep_slugbush, tgw_trog
D:5:      kennysheep_mini_moat, first_ration
D:6:      minmay_temple_entry_junction
D:8:      lair_entry_dummy, hangedman_ranch, uniq_gastronok
D:9:      okawaru_humans, erik_orc_1, st_stairs_8, minmay_statue_bubble
D:10:     uniq_grum
D:11:     serial_shops, nicolae_shop_behind_doors, uniq_erolcha
D:12:     minmay_three_doors, uniq_snorg
D:13:     kennysheep_kobold_lugonu_temple, guppyfry_shop_venom
Sewer:    sewer_sea

Skill      XL: |  1  2  3  4  5  6  7  8  9 10 11 |
---------------+----------------------------------+-----
Air Magic      | 5 6 7 8 9 |  9.5
Spellcasting   | 3 4 6 9 |  9.5
Conjurations   | 2 9 11 | 11.4
Shields        | 4 |  4.1
Invocations    | 6 8 |  8.0
Dodging        | |  2.1
Stealth        | |  2.0

Action                   |  1- 3 |  4- 6 |  7- 9 | 10-12 || total
-------------------------+-------+-------+-------+-------++-------
Melee: Unarmed           |    12 |     2 |       |       ||    14
       Kick              |     2 |     1 |     9 |       ||    12
       Peck              |     1 |       |     7 |     1 ||     9
       Short sword       |       |       |    51 |       ||    51
       Whip              |       |       |     6 |       ||     6
       Staff             |       |       |       |    18 ||    18
 Cast: Shock             |    41 |    46 |       |     1 ||    88
       Airstrike         |       |    28 |   248 |   261 ||   537
       Lightning Bolt    |       |       |       |     3 ||     3
       Summon Lightning  |       |       |       |     1 ||     1
Invok: Divine Energy     |       |     1 |       |       ||     1
 Abil: Fly               |       |     2 |     1 |     9 ||    12
Evoke: Staff of energy   |       |       |       |     4 ||     4
       Wand              |       |       |       |     2 ||     2
  Use: Potion            |       |     5 |       |     2 ||     7
       Scroll            |       |     1 |     7 |     5 ||    13
  Eat: Chunk             |     1 |     9 |    50 |    17 ||    77
       Ration            |       |       |     1 |       ||     1
Armor: Robe              |     5 |     4 |    29 |    20 ||    58
       Skin              |       |       |       |    46 ||    46
       Troll leather arm |       |       |       |    19 ||    19
Dodge: Dodged            |    19 |     5 |    58 |    45 ||   127
Block: Buckler           |       |       |       |    33 ||    33

Table legend:
 A = Spawn XP
 B = Non-spawn XP
 C = Spawn XP percentage of total XP
 D = Spawn monster count
 E = Non-spawn monster count
 F = Spawn count percentage of total count
 G = Total turns spent on level
                    A         B        C        D         E        F      G
               +---------+---------+-------+---------+---------+-------+---------
         Total |       0 |   13973 |   0.0 |       0 |     340 |   0.0 | 12145
               +---------+---------+-------+---------+---------+-------+---------
           D:1 |       0 |      42 |   0.0 |       0 |      19 |   0.0 |   903
           D:2 |       0 |     369 |   0.0 |       0 |      28 |   0.0 |  1044
           D:3 |       0 |     860 |   0.0 |       0 |      38 |   0.0 |  1333
           D:4 |       0 |     791 |   0.0 |       0 |      35 |   0.0 |  1290
           D:5 |       0 |     552 |   0.0 |       0 |      17 |   0.0 |   729
           D:6 |       0 |     550 |   0.0 |       0 |      23 |   0.0 |   534
           D:7 |       0 |     769 |   0.0 |       0 |      19 |   0.0 |   786
           D:8 |       0 |    1547 |   0.0 |       0 |      18 |   0.0 |   744
           D:9 |       0 |    2622 |   0.0 |       0 |      35 |   0.0 |  2297
          D:10 |       0 |    3363 |   0.0 |       0 |      38 |   0.0 |  1029
          D:11 |       0 |    2030 |   0.0 |       0 |      20 |   0.0 |   328
          D:12 |       0 |     235 |   0.0 |       0 |       7 |   0.0 |   191
          D:13 |       0 |      51 |   0.0 |       0 |       2 |   0.0 |    50
         Sewer |       0 |     192 |   0.0 |       0 |      41 |   0.0 |   887
               +---------+---------+-------+---------+---------+-------+---------
